 Dungeon Crawl Stone Soup version 0.29-a0-472-ge5599a681e (webtiles) character file.

Game seed: 3731557974614904489

77 ders the Magician (level 4, 0/31 HPs)
             Began as a Djinni Conjurer on May 23, 2022.
             Killed from afar by Sigmund (4 damage)
             ... with a magic dart
             ... on level 3 of the Dungeon.
             The game lasted 00:01:41 (2398 turns).

ders the Magician (Djinni Conjurer)                 Turns: 2398, Time: 00:01:42

Health: 0/31       AC:  4    Str:  6    XL:     4   Next: 58%
Gold:   138        EV: 12    Int: 21    God:
                   SH:  0    Dex: 12

rFire   + + .      SeeInvis .   (no weapon)
rCold   x . .      Faith    .   (no shield)
rNeg    . . .      Spirit   .   a - +0 robe
rPois   ∞          Reflect  .   j - +1 helmet
rElec   .          Harm     .   (no cloak)
rCorr   .          Rampage  .   (no gloves)
Will    .....                   (boots unavailable)
Stlth   ++........              (no amulet)
HPRegen 0.10/turn               (no ring)
MPRegen 0.00/turn               (no ring)

@: flying
A: sickness immunity, fire resistance 2, cold vulnerability 1, float, innate
caster, HP casting, extra vitality 1
a: no special abilities


You were on level 3 of the Dungeon.
You visited 1 branch of the dungeon, and saw 3 of its levels.

You collected 138 gold pieces.

Inventory:

Armour
 a - a +0 robe (worn)
 j - a +1 helmet (worn)
Jewellery
 f - a ring of protection from fire
Scrolls
 b - 4 scrolls of teleportation {unknown}
 c - a scroll of acquirement {unknown}
 d - a scroll of immolation {unknown}
 e - 2 scrolls of identify {unknown}
 h - a scroll of enchant armour {unknown}
 k - 2 scrolls of enchant weapon {unknown}
Potions
 g - 3 potions of might {unknown}
 i - 3 potions of curing {unknown}
 l - a potion of resistance {unknown}
 m - a potion of heal wounds {unknown}
 n - a potion of magic {unknown}


   Skills:
 - Level 2.1 Dodging
 - Level 1.5 Stealth
 + Level 4.5 Spellcasting


You couldn't memorise any spells.
You knew the following spells:

 Your Spells              Type           Power      Damage    Failure   Level
a - Magic Dart            Conj           92%        1d7       1%          1
b - Searing Ray           Conj           46%        2d6       2%          2
c - Dazzling Flash        Conj/Hex       46%        N/A       5%          3
d - Fulminant Prism       Conj/Hex       11%        3d9       17%         4
e - Iskenderun's Mystic   Conj/Tloc      23%        2d6       17%         4
f - Slow                  Hex            92%        N/A       1%          1
Your spell library was empty.

Dungeon Overview and Level Annotations

Branches:
Dungeon (3/15)

Altars:

Annotations:
D:3 Sigmund


Innate Abilities, Weirdness & Mutations

You are immune to sickness and miasma.
You are immune to poison.
Your flesh is very heat resistant. (rF++)
You are vulnerable to cold. (rC-)
You float through the air rather than walking.
You learn spells naturally, not from books.
Your magical power is your life essence.
You have superior vitality. (+4 MHP)


Message History

Aiming: Magic Dart (safe; 1% risk of failure)
Press: ? - help, Shift-Dir - straight line, f - Sigmund
Aim: Sigmund, wielding a +0 scythe and wearing a +0 robe (severely wounded, 100% to hit)
The magic dart hits Sigmund but does no damage.
Sigmund is severely wounded.
Unknown command.
Casting: Magic Dart (safe; 1% risk of failure)
Confirm with . or Enter, or press ? or * to list all spells.
Aiming: Searing Ray (safe; 2% risk of failure)
Press: ? - help, Shift-Dir - straight line, f/p - Sigmund
Aim: Sigmund, wielding a +0 scythe and wearing a +0 robe (severely wounded, 75% to hit)
The searing ray misses Sigmund. (Press . to maintain the ray.) Sigmund hits you from afar with a +0 scythe!
Unknown command.
Casting: Searing Ray (safe; 2% risk of failure)
Confirm with . or Enter, or press ? or * to list all spells.
Aiming: Magic Dart (safe; 1% risk of failure)
Press: ? - help, Shift-Dir - straight line, f/p - Sigmund
Aim: Sigmund, wielding a +0 scythe and wearing a +0 robe (severely wounded, 100% to hit)
The magic dart hits Sigmund.
Sigmund is severely wounded.
Sigmund hits you from afar with a +0 scythe!
* * * LOW HITPOINT WARNING * * *
Unknown command.
Casting: Magic Dart (safe; 1% risk of failure)
Confirm with . or Enter, or press ? or * to list all spells.
Aiming: Searing Ray (safe; 2% risk of failure)
Press: ? - help, Shift-Dir - straight line, f/p - Sigmund
Aim: Sigmund, wielding a +0 scythe and wearing a +0 robe (severely wounded, 75% to hit)
The searing ray hits Sigmund.
Sigmund is almost dead. (Press . to maintain the ray.)
* * * LOW HITPOINT WARNING * * *
Unknown command.
Sigmund casts a spell at you. You resist with some effort.
Sigmund points at you and mumbles some strange words.
The magic dart hits you.
You die...

#.#.######.## ##.##.#
#.#.# ##.#####...#.#
#.#.# #####..........#
###.#.#
#..............#
>...#.##
#.####........##
.......# #.# ##.##...##
##.##..###.#####.###.##
#.##..†.........###.##
##.##..###.#....@...@.#
#..##..# #.##########.#
#..##..# #.# #.#
.......###.# #@#
#..##.<.##.. ........#
#..#.....#### .....<..#
#............ #######.#
#.##.....#### #.#
#.###...## #.#


You could see Sigmund.

Vanquished Creatures
  2 adders
  3 dart slugs
  7 ball pythons
  2 endoplasms (D:2)
  A giant cockroach (D:1)
  5 goblins
  6 hobgoblins
  A quokka (D:2)
  5 bats
  3 frilled lizards
  9 kobolds
  7 rats
51 creatures vanquished.

Vanquished Creatures (others)
  A fulminant prism (D:3)
1 creature vanquished.

Grand Total: 52 creatures vanquished

Notes
Turn   | Place    | Note
-------+----------+-------------------------------------------
     0 | D:1      | ders the Djinni Conjurer began the quest for the Orb.
     0 | D:1      | Reached XP level 1. HP: 15/15 MP: 0/0
   128 | D:1      | Reached XP level 2. HP: 11/21 MP: 0/0
   708 | D:1      | Reached XP level 3. HP: 23/25 MP: 0/0
   708 | D:1      | Learned a level 1 spell: Slow
  1049 | D:2      | Found a faded altar of an unknown god.
  1136 | D:2      | Reached skill level 4 in Spellcasting
  1605 | D:2      | Reached XP level 4. HP: 30/31 MP: 0/0
  2383 | D:3      | Noticed Sigmund
  2398 | D:3      | Killed from afar by Sigmund

Illustrated notes

Levels and vault maps discovered:
D:1:      elethiomel_arrival_infinity_welcomes_careful_drivers, layout_basic
D:2:      minmay_recursive_quarters, layout_rooms, nicolae_ecumenical_pavilion
D:3:      layout_loops_ring, minmay_misc_feat_square, roderic_batcave,
          uniq_sigmund

Skill      XL: |  1  2  3 |
---------------+----------+-----
Spellcasting   | 4 |  4.5
Dodging        | |  2.1
Stealth        | |  1.5

Action                   |  1- 3 |  4- 6 || total
-------------------------+-------+-------++-------
 Cast: Magic Dart        |    53 |    38 ||    91
       Searing Ray       |     4 |     2 ||     6
       Iskenderun's Myst |       |     1 ||     1
       Fulminant Prism   |       |     1 ||     1
Armor: Robe              |     2 |       ||     2
Dodge: Dodged            |     2 |       ||     2

Table legend: (Time is in decaauts)
 A = Elapsed time spent in this place.
 B = Non-inter-level travel time spent in this place.
 C = Inter-level travel time spent in this place.
 D = Time resting spent in this place.
 E = Time spent auto-exploring this place.
 F = Levels seen in this place.
 G = Mean time per level.
                   A        B        C        D        E       F      G
               +--------+--------+--------+--------+--------+-----+--------+
         Total |   2397 |   2369 |     28 |    223 |   1927 |   3 |  799.0 |
       Dungeon |   2397 |   2369 |     28 |    223 |   1927 |   3 |  799.0 |
               +--------+--------+--------+--------+--------+-----+--------+

Top non-repeatable levels by time:
     D:1: 1049 daAuts
     D:2: 997 daAuts
     D:3: 350 daAuts
